 Dungeon Crawl Stone Soup version 0.22-a0-515-g75794bf (webtiles) character file.

243 iamserjio the Sneak (level 6, -11/39 HPs)
             Began as an Octopode Wanderer on June 19, 2018.
             Was an Initiate of Gozag.
             Killed from afar by Ijyb (22 damage)
             ... with a wand of acid (7)
             ... on level 4 of the Dungeon.
             The game lasted 00:09:53 (3648 turns).

iamserjio the Sneak (Octopode Wanderer)             Turns: 3648, Time: 00:09:54

Health: -11/39     AC: -3    Str: 14    XL:     6   Next: 9%
Magic:  7/9        EV: 13    Int: 12    God:    Gozag
Gold:   169        SH:  0    Dex: 13    Spells: 6/9 levels left

rFire    . . .     SeeInvis .   a - +2 dagger
rCold    . . .     Gourm    .   (no shield)
rNeg     . . .     Faith    .   (helmet restricted)
rPois    .         Spirit   .   (no amulet)
rElec    .         Reflect  .   (no ring)
rCorr    .         Harm     .   (no ring)
MR       .....                  (no ring)
Stlth    +++.......             (no ring)
HPRegen  0.13/turn              (no ring)
MPRegen  0.11/turn              (no ring)
                                (no ring)
                                (no ring)

@: corroded, gold aura, drained
A: almost no armour, stealthy swim, amphibious, 8 rings, constrict 8, camouflage
1, gelatinous body 1
a: Potion Petition, Call Merchant, Bribe Branch, Renounce Religion


You were on level 4 of the Dungeon.
You worshipped Gozag.
Gozag was aware of your devotion.
You were very hungry.

You visited 2 branches of the dungeon, and saw 5 of its levels.

You collected 228 gold pieces.
You paid 59 gold pieces to Gozag.

Inventory:

Hand Weapons
 a - a +2 dagger (weapon)
Missiles
 d - 105 stones (quivered)
 u - 7 needles of paralysis {!f}
 v - 24 poisoned needles
Armour
 m - a +2 buckler
Jewellery
 i - a cursed ring of teleportation {unknown}
 l - a cursed -2 ring of strength {unknown}
Scrolls
 b - a scroll of blinking
 c - a scroll of random uselessness {unknown}
 h - 3 scrolls of enchant armour
 j - 2 scrolls of magic mapping {unknown}
 n - 2 scrolls of fear {unknown}
 p - 4 scrolls of remove curse {unknown}
 q - a scroll of enchant weapon {unknown}
 w - a scroll of identify {@r1}
Potions
 e - a potion of cancellation
 g - a potion of curing {unknown}
 k - 2 potions of heal wounds
 o - a potion of berserk rage
 r - 2 potions of flight
 s - a potion of magic
 t - a potion of brilliance
Comestibles
 f - 8 rations


   Skills:
 - Level 2.0(1.3) Fighting
   Level 2.0(1.3) Staves
 - Level 1.0(0.4) Throwing
 - Level 2.0(1.4) Dodging
 + Level 3.5(2.9) Stealth
 * Level 3.1(2.5) Unarmed Combat
 + Level 2.2(1.6) Spellcasting
 + Level 2.7(2.1) Transmutations
 + Level 1.8(1.2) Poison Magic


You had 6 spell levels left.
You knew the following spells:

 Your Spells              Type           Power        Failure   Level  Hunger
a - Spider Form           Tmut/Pois      #.........   38%         3    ####...

Your spell library contained the following spells:

 Spells                   Type           Power        Failure   Level  Hunger
 Summon Small Mammal      Summ           #...         28%         1    ##.....
 Beastly Appendage        Tmut           #.....       12%         1    ##.....
 Summon Guardian Golem    Hex/Summ       #.......     65%         3    ####...


Dungeon Overview and Level Annotations

Branches:
Dungeon (4/15)             Temple (1/1) D:4

Altars:
Elyvilon
Fedhas
Gozag
Nemelex Xobeh
Qazlal
Xom
Zin

Annotations:
D:4 Ijyb


Innate Abilities, Weirdness & Mutations

You cannot wear most types of armour.
You are very stealthy in the water. (Stealth+)
You are amphibious.
You can wear up to eight rings at the same time.
You can use your tentacles to constrict eight enemies at once.
Your skin changes colour to match your surroundings (Stealth+).
Your rubbery body absorbs attacks. (AC +1, EV +1)


Message History

Ijyb misses you.
You closely miss Ijyb.
Ijyb is severely wounded.
Ijyb zaps a wand.
The bolt of acid hits you! The acid corrodes you!
You are splashed with acid!
The acid burns!
It is a wand of acid (7).
You hit Ijyb but do no damage.
Ijyb looks as sick as possible!
Ijyb is almost dead.
Ijyb hits you.
* * * LOW HITPOINT WARNING * * *
You aren't carrying any items that you can evoke.
Unknown command.
You closely miss Ijyb.
Ijyb is almost dead.
Your transformation has ended.
Your +2 dagger unmelds from your body.
Ijyb zaps a wand.
The bolt of acid hits you!
Ouch! That really hurt!
You die...
Your body crumbles into a pile of gold.

. # .. #. ..... ..#
....# ..
.....########..
##.............g.
##...# #...#
###..########g>#
###.....).....#@.#
##............##..##
...................#
#............⌠.....##
#...............##..#
.##........⌠.>.⌠##..#
#####...........###>##
### . # ###......⌠..#
#..# ###..#..#
###.......#
#..###.......#


You could see Ijyb.

Vanquished Creatures
  3 orc wizards (D:3)
  A worker ant (D:2)
  3 adders
  An ooze (D:3)
  2 adder skeletons
  3 worms
  2 leopard geckos
  12 orcs (D:3)
  3 ball pythons
  5 bats
  9 giant cockroaches
  8 goblins
  5 hobgoblins
  3 jackals (D:1)
  6 kobolds
  2 quokkas
  2 frilled lizards
  A leopard gecko skeleton (D:4)
  10 rats
81 creatures vanquished.

Vanquished Creatures (others)
  5 dream sheep (D:3)
5 creatures vanquished.

Grand Total: 86 creatures vanquished

Notes
Turn   | Place    | Note
-------+----------+-------------------------------------------
     0 | D:1      | iamserjio the Octopode Wanderer began the quest for the Orb.
     0 | D:1      | iamserjio set off with: a +2 dagger, a scroll of blinking, a ration
     0 | D:1      | Reached XP level 1. HP: 14/14 MP: 2/2
   212 | D:1      | Reached XP level 2. HP: 14/19 MP: 3/3
   341 | D:1      | Reached skill level 1 in Unarmed Combat
   563 | D:1      | Reached XP level 3. HP: 24/24 MP: 5/5
   787 | D:1      | Learned a level 3 spell: Spider Form
  1035 | D:2      | Reached XP level 4. HP: 21/29 MP: 6/6
  1438 | D:2      | Found a shimmering altar of Xom.
  1655 | D:3      | Reached skill level 1 in Poison Magic
  1655 | D:3      | Reached XP level 5. HP: 34/34 MP: 7/7
  2266 | D:3      | Found a white marble altar of Elyvilon.
  2830 | D:3      | Found a shimmering altar of Xom.
  2830 | D:3      | Noticed a dream sheep
  2830 | D:3      | Noticed a dream sheep
  2830 | D:3      | Noticed a dream sheep
  2830 | D:3      | Noticed a dream sheep
  2830 | D:3      | Noticed a dream sheep
  2835 | D:3      | Killed a dream sheep
  2835 | D:3      | Killed a dream sheep
  2835 | D:3      | Killed a dream sheep
  2835 | D:3      | Killed a dream sheep
  2837 | D:3      | Killed a dream sheep
  2873 | D:3      | Found a stormy altar of Qazlal.
  3188 | D:4      | Found a staircase to the Ecumenical Temple.
  3201 | Temple   | Entered the Ecumenical Temple
  3265 | Temple   | Became a worshipper of Gozag Ym Sagoz the Greedy
  3290 | D:4      | Reached XP level 6. HP: 36/39 MP: 9/9
  3431 | D:4      | Noticed a phantom
  3633 | D:4      | Noticed Ijyb
  3648 | D:4      | Killed from afar by Ijyb

Vault maps used:
D:1:      dpeg_arrival_pits, minivault_25, grunt_decor_one_mirror
D:2:      nicolae_overflow_hidden_temple, serial_bayou_lake_a
D:3:      marbit_many_paths, lemuel_doored_altar, kb_xom_exploding_sheep
D:4:      chequers_temple_overflow_minitemple, vehumet_altar_wand_db,
          temple_fountains, minmay_close_crescents, uniq_grinder, uniq_ijyb
Temple:   nicolae_temple_figure_zero

Skill      XL: |  1  2  3  4  5 |
---------------+----------------+-----
Unarmed Combat | 1 2 3 |  3.1
Stealth        | 2 3 |  3.5
Dodging        | 2 |  2.0
Poison Magic   | 1 |  1.8
Spellcasting   | 2 |  2.2
Fighting       | |  2.0
Staves         | |  2.0
Throwing       | |  1.0
Transmutations | |  2.7

Action                   |  1- 3 |  4- 6 || total
-------------------------+-------+-------++-------
Melee: Dagger            |    70 |   103 ||   173
       Constrict         |    19 |    28 ||    47
       Tentacles         |    10 |    22 ||    32
       Punch             |     1 |     2 ||     3
       Unarmed           |       |    28 ||    28
 Cast: Spider Form       |       |     4 ||     4
  Use: Potion            |       |     1 ||     1
       Scroll            |       |     6 ||     6
 Stab: Sleeping          |    13 |    11 ||    24
  Eat: Chunk             |       |     8 ||     8
Armor: Skin              |     7 |     9 ||    16
Dodge: Dodged            |    58 |    43 ||   101

Table legend:
 A = Spawn XP
 B = Non-spawn XP
 C = Spawn XP percentage of total XP
 D = Spawn monster count
 E = Non-spawn monster count
 F = Spawn count percentage of total count
 G = Total turns spent on level
                    A         B        C        D         E        F      G
               +---------+---------+-------+---------+---------+-------+---------
         Total |       0 |     348 |   0.0 |       0 |      81 |   0.0 |  3648
               +---------+---------+-------+---------+---------+-------+---------
           D:1 |       0 |      42 |   0.0 |       0 |      25 |   0.0 |   788
           D:2 |       0 |      71 |   0.0 |       0 |      14 |   0.0 |   744
           D:3 |       0 |     203 |   0.0 |       0 |      34 |   0.0 |  1596
           D:4 |       0 |      32 |   0.0 |       0 |       8 |   0.0 |   442
               +---------+---------+-------+---------+---------+-------+---------
